 Dungeon Crawl Stone Soup version 0.18-a0-1730-g73f0523 (webtiles) character file.

599 M4edhros the Covert (level 7, -1/43 HPs)
             Began as an Octopode Artificer on Apr 10, 2016.
             Was a Follower of Fedhas.
             Slain by a gnoll
             ... wielding a +0 halberd
              (7 damage)
             ... on level 6 of the Dungeon.
             The game lasted 00:06:22 (4283 turns).

M4edhros the Covert (Octopode Artificer)            Turns: 4283, Time: 00:06:23

Health: -1/43      AC:  1    Str: 13    XL:     7   Next: 41%
Magic:  9/9        EV: 10    Int: 14    God:    Fedhas [*.....]
Gold:   185        SH:  9    Dex: 17    Spells: 0 memorised, 6 levels left

rFire  + . .     SeeInvis +     a - +0 short sword
rCold  . . .     Gourm    .     n - +0 shield
rNeg   . . .     Faith    .     (helmet restricted)
rPois  .         Spirit   .     x - amulet of dismissal
rElec  .         Dismiss  +     u - +3 ring of dexterity
rCorr  .         Reflect  .     w - ring of protection from fire
SustAt .         Harm     .     E - +2 ring of strength
MR     .....                    H - ring of see invisible
Stlth  ++++++....               (no ring)
                                (no ring)
                                (no ring)
                                (no ring)

@: not resistant to hostile enchantments, very stealthy
A: almost no armour, amphibious, 8 rings, constrict 8, camouflage 1, gelatinous
body 1
a: Evolution, Renounce Religion


You were on level 6 of the Dungeon.
You worshipped Fedhas.
Fedhas was aware of your devotion.
You were hungry.

You visited 2 branches of the dungeon, and saw 7 of its levels.

You collected 185 gold pieces.

Inventory:

Hand Weapons
 a - a +0 short sword (weapon)
Missiles
 e - 73 stones (quivered)
 k - 23 sling bullets
 t - 6 javelins of returning
Armour
 n - a +0 shield (worn)
Jewellery
 u - a +3 ring of dexterity (left tentacle)
 w - a ring of protection from fire (right tentacle)
 x - an amulet of dismissal (around mantle)
 E - a +2 ring of strength (on tentacle)
 H - a ring of see invisible (on tentacle)
Wands
 b - a wand of flame (8/48)
 c - a wand of enslavement (12/24)
 d - a wand of random effects (15/48)
 g - a wand of random effects (22/48)
 q - a wand of disintegration (15/24)
Scrolls
 h - a scroll of noise {unknown}
 j - 2 scrolls of magic mapping {unknown}
 l - a scroll of blinking {unknown}
 m - 4 scrolls of remove curse {unknown}
 o - 4 scrolls of immolation {unknown}
 r - a scroll of fog {unknown}
 v - 4 scrolls of identify {unknown}
 y - a scroll of teleportation {unknown}
 z - a scroll of fear {unknown}
Potions
 i - 2 potions of haste
 p - 2 potions of curing
 A - a potion of invisibility
 B - a potion of lignification
 C - a potion of flight
 D - a potion of might
 F - a potion of brilliance
Comestibles
 f - 3 bread rations
 s - 4 fruits


   Skills:
 - Level 1.0 Fighting
 - Level 1.0 Short Blades
 - Level 2.0 Dodging
 * Level 9.0 Stealth
 + Level 3.7 Shields
 * Level 2.1 Invocations
 - Level 3.2 Evocations


You had 6 spell levels left.
You didn't know any spells.

Dungeon Overview and Level Annotations

Branches:
Dungeon (6/15)             Temple (1/1) D:4

Altars:
Fedhas
Ru
Sif Muna
The Shining One


Innate Abilities, Weirdness & Mutations

You cannot wear most types of armour.
You are amphibious.
You can wear up to eight rings at the same time.
You can use your tentacles to constrict eight enemies at once.
Your skin changes colour to match your surroundings (Stealth).
Your rubbery body absorbs attacks (AC +1).


Message History

You are too injured to fight recklessly!
You are too injured to fight recklessly!
You are too injured to fight recklessly!
You swap places.
The hound skeleton bites your gnoll but does no damage.
Your gnoll barely misses the hound skeleton.
The hound skeleton bites your gnoll. The hound skeleton bites your gnoll.
Your gnoll hits the hound skeleton with a halberd!
The hound skeleton barely misses your gnoll.
Your gnoll hits the hound skeleton with a halberd!
The hound skeleton is destroyed!
Your gnoll looks more experienced.
You start resting.
Magic restored.
You start resting.
Your gnoll says, "Be careful!"
The gnoll is no longer charmed.
The gnoll hits you with a halberd!
You die...
Fedhas appreciates your contribution to the ecosystem.

......#.#.# #..#...$..
#........# .. ##...#...#####.
... ...#####....#......... #.#
#..........#......# #.#
##...|.....# #.# #..f......)##
#.# ##.#@........#
#.#########..fg.[..#.#..#
###..f..#..........?.).##....
..f<###.................##...#
###.# ##...######............#
#.. #.#.# #..#........#.. ##.#
#.#.# #.#......... ## .. .....
.. ...#....[ ......... ......


You could see a gnoll and 2 friendly wandering mushrooms.

Vanquished Creatures
  A hound (D:4)
  5 orc priests
  Jessica (D:3)
  Terence (D:3)
  An iguana (D:4)
  2 orc wizards (D:5)
  A worker ant (D:6)
  2 gnolls (D:6)
  5 adders
  2 worms
  6 giant geckos
  11 orcs
  3 giant cockroaches
  4 goblins
  6 hobgoblins
  5 jackals
  A quokka (D:3)
  2 ball pythons
  7 bats
  A giant gecko skeleton (D:4)
  9 giant newts
  A jackal skeleton (D:4)
  A kobold (D:2)
  11 rats
89 creatures vanquished.

Vanquished Creatures (collateral kills)
  The ghost of braks the Chiller, an amateur HEIE of Vehumet (D:6)
  A killer bee zombie (D:6)
  A hound skeleton (D:6)
  An orc (D:5)
4 creatures vanquished.

Vanquished Creatures (others)
  A wandering mushroom (D:6)
  A gnoll (D:6)
  45 toadstools
47 creatures vanquished.

Grand Total: 140 creatures vanquished

Notes
Turn   | Place    | Note
--------------------------------------------------------------
     0 | D:1      | M4edhros the Octopode Artificer began the quest for the Orb.
     0 | D:1      | Reached XP level 1. HP: 13/13 MP: 3/3
    44 | D:1      | Reached skill level 2 in Stealth
   346 | D:1      | Reached XP level 2. HP: 15/18 MP: 4/4
   378 | D:2      | Reached skill level 3 in Stealth
   665 | D:2      | Reached skill level 4 in Stealth
   730 | D:2      | Reached XP level 3. HP: 16/23 MP: 5/5
  1116 | D:3      | Noticed Terence
  1128 | D:3      | Killed Terence
  1128 | D:3      | Reached skill level 5 in Stealth
  1128 | D:3      | Reached skill level 1 in Shields
  1128 | D:3      | Reached XP level 4. HP: 19/28 MP: 6/6
  1194 | D:3      | Noticed Jessica
  1203 | D:3      | Killed Jessica
  1448 | D:4      | Found a staircase to the Ecumenical Temple.
  1452 | D:4      | Reached skill level 6 in Stealth
  1452 | D:4      | Reached XP level 5. HP: 7/33 MP: 7/7
  1464 | Temple   | Entered the Ecumenical Temple
  1702 | Temple   | Became a worshipper of Fedhas Madash
  2728 | D:2      | Reached * piety under Fedhas
  3073 | D:4      | Reached skill level 7 in Stealth
  3073 | D:4      | Reached XP level 6. HP: 24/38 MP: 8/8
  3502 | D:5      | Entered Level 5 of the Dungeon
  3522 | D:5      | Reached skill level 8 in Stealth
  3722 | D:5      | Reached XP level 7. HP: 21/43 MP: 9/9
  4226 | D:6      | Reached skill level 1 in Invocations
  4241 | D:6      | Noticed braks's ghost (amateur HEIE)
  4248 | D:6      | HP: 1/43 [gnoll/halberd (16)]
  4255 | D:6      | Killed braks's ghost
  4255 | D:6      | Reached skill level 9 in Stealth
  4283 | D:6      | Slain by a gnoll

Vault maps used:
D:1:      dpeg_arrival_shelter
D:2:      corexii_corridor_pit, hangedman_decor_peaks_small
D:3:      first_bread, uniq_terence, uniq_jessica
D:4:      st_stairs_12
D:6:      uniq_blork_the_orc
Temple:   oiseaux_autumnal_temple_12

Skill      XL: |  1  2  3  4  5  6  7 |
---------------+----------------------+-----
Stealth        | 2 4 5 6 7 8 9 |  9.0
Shields        | 1 2 3 |  3.7
Invocations    | 2 |  2.1
Fighting       | |  1.0
Short Blades   | |  1.0
Dodging        | |  2.0
Evocations     | |  3.2

Action                   |  1- 3 |  4- 6 |  7- 9 || total
-------------------------+-------+-------+-------++-------
Melee: Short sword       |    52 |    95 |    10 ||   157
Invok: Evolution         |       |     1 |     2 ||     3
Evoke: Wand              |       |     3 |     7 ||    10
  Use: Potion            |     4 |     4 |     1 ||     9
 Stab: Sleeping          |    12 |    20 |     3 ||    35
       Distracted        |       |     2 |       ||     2
       Invisible         |       |     2 |       ||     2
  Eat: Chunk             |       |     3 |       ||     3
       Meat ration       |       |     1 |       ||     1
       Royal jelly       |       |       |     1 ||     1
